 Dungeon Crawl Stone Soup version 0.29.1-1-gd02db6906a (webtiles) character file.

Game seed: 18133243943384560753

4697 sanboga the Cleaver (level 10, -5/81 HPs)
             Began as a Minotaur Monk on Oct 18, 2022.
             Was a Priest of Hepliaklqana.
             Slain by a komodo dragon (21 damage)
             ... on level 8 of the Dungeon.
             The game lasted 00:13:05 (9897 turns).

sanboga the Cleaver (Minotaur Monk)                 Turns: 9897, Time: 00:13:05

Health: -5/81      AC: 15    Str: 20    XL:     10   Next: 21%
Magic:  9/9        EV:  7    Int:  7    God:    Hepliaklqana [***...]
Gold:   512        SH:  5    Dex: 13    Spells: 9/9 levels left

rFire   . . .      SeeInvis .   a - +0 war axe
rCold   . . .      Faith    .   h - +0 buckler
rNeg    . . .      Spirit   .   x - +0 plate armour
rPois   +          Reflect  .   (helmet restricted)
rElec   .          Harm     .   (no cloak)
rCorr   +          Rampage  .   (no gloves)
Will    .....                   e - +0 pair of boots
Stlth   ..........              (no amulet)
HPRegen 0.23/turn               j - ring of poison resistance
MPRegen 0.11/turn               f - ring of resist corrosion

@: no status effects
A: reduced essence, horns 2, retaliatory headbutt
a: Renounce Religion, Recall Ancestor, Ancestor Identity, Transference


You were on level 8 of the Dungeon.
You worshipped Hepliaklqana.
Hepliaklqana was most pleased with you.
You visited 2 branches of the dungeon, and saw 9 of its levels.
You also visited: Sewer.

You collected 512 gold pieces.

Inventory:

Hand Weapons
 a - a +0 war axe (weapon)
Armour
 e - a +0 pair of boots (worn)
 h - a +0 buckler (worn)
 x - a +0 plate armour (worn)
Jewellery
 b - the ring "Ylaas" {Ice rElec MP+9}
   (You found it on level 4 of the Dungeon)

   [ring of ice]

   It enhances your ice magic.
   rF:        It makes you vulnerable to fire.
   rC:        It protects you from cold.
   rElec:     It insulates you from electricity.
   MP:        It affects your magic capacity (+9).
 f - a ring of resist corrosion (right hand)
 j - a ring of poison resistance (left hand)
Wands
 i - a wand of mindburst (10)
 q - a wand of digging (3)
 r - a wand of iceblast (11)
Scrolls
 n - a scroll of brand weapon
 o - 2 scrolls of enchant weapon
 t - 2 scrolls of enchant armour
 u - 2 scrolls of fear
Potions
 c - 2 potions of ambrosia
 d - 3 potions of haste {unknown}
 g - a potion of mutation {unknown}
 k - 3 potions of heal wounds
 m - 2 potions of invisibility
 p - 3 potions of curing
 w - a potion of flight {unknown}


   Skills:
 + Level 9.4 Fighting
 * Level 12.6 Axes
 + Level 8.5 Armour
 - Level 3.2 Dodging
 - Level 1.5 Stealth
 + Level 4.8 Shields


You had 9 spell levels left.
You didn't know any spells.
Your spell library contained the following spells:

 Spells                   Type           Power      Damage    Failure   Level
 Slow                     Hex            0%         N/A       100%        1
 Confusing Touch          Hex            0%         N/A       100%        3
 Ozocubu's Armour         Ice            0%         N/A       100%        3
 Portal Projectile        Hex/Tloc       0%         N/A       100%        3
 Tukima's Dance           Hex            0%         N/A       100%        3
 Vampiric Draining        Necr           0%         2d6       100%        3
 Blade Hands              Tmut           0%         N/A       100%        5
 Metabolic Englaciation   Hex/Ice        0%         N/A       100%        5
 Simulacrum               Ice/Necr       0%         N/A       100%        6


Dungeon Overview and Level Annotations

Branches:
Dungeon (8/15)             Temple (1/1) D:4           Sewer (visited)
   Lair: D:8-11

Altars:
Ashenzari
Cheibriados
Dithmenos
Elyvilon
Fedhas
Gozag
Hepliaklqana
Kikubaaqudgha
Makhleb
Nemelex Xobeh
Qazlal
Ru
Sif Muna
Trog
Uskayaw
Vehumet
Wu Jian
Xom
Yredelemnul
Zin
The Shining One

Shops:
D:6 *

Annotations:
D:8 Erica


Innate Abilities, Weirdness & Mutations

Your life essence is reduced to manifest your ancestor. (-10% HP)
You have a pair of horns on your head.
You reflexively headbutt those who attack you in melee.


Message History

Erica casts a spell at Dexter.
The lance of force hits Dexter!!
Dexter is destroyed!
You closely miss the yak.
Erica shouts!
You headbutt the yak.
The yak is lightly wounded.
Erica mumbles some strange words.
Erica flickers and vanishes!
Deactivating autopickup; reactivate with Ctrl-A.
A gnoll comes into view. It is wielding a +0 whip.
You slash the yak!
The yak is moderately wounded.
The howler monkey hoots and howls with incredible vigour!
The yak gores you!
You hear an angry buzzing noise.
You hear a shout!
You hear a howl!
You hit the yak. You headbutt the yak.
The yak is heavily wounded.
You hear a bellow!
The yak closely misses you.
You hit the yak.
The yak is severely wounded.
The komodo dragon hisses menacingly.
You slash the yak! You headbutt the yak.
You kill the yak!
You hit the komodo dragon. You headbutt the komodo dragon!
The komodo dragon is moderately wounded.
The komodo dragon bites you!
You hit the komodo dragon. You headbutt the komodo dragon.
The komodo dragon is moderately wounded.
The komodo dragon bites you!
The howler monkey hoots and howls with incredible vigour!
You hear a bellow!
You hear a howl!
You hit the komodo dragon but do no damage.
The komodo dragon is moderately wounded.
The komodo dragon bites you!!
* * * LOW HITPOINT WARNING * * *
The komodo dragon attacks as you move away!
The komodo dragon bites you!!
You die...

..# #.# #.# #.##
..# #..## .> ..##
##..## ###.. ...#
##..# ..... .#...#
##.## ###....
.....# #..# ..#..##
.###.# ##.#####
#.....# .# .#
#.@lYg###.÷@..# .#
# #####h..÷.## . .#
###..[.#..#.... .#
####l[.##.[..[.....
.#
#.DhY#####..##.....
.# #Y####
#...#..... .## ##.#
..#..##### ..##
#####y.# .####.#
#..# #.(÷†y## # ..l


You could see a komodo dragon, a yak, a howler monkey (catching breath) and a
gnoll.

Vanquished Creatures
  Pikel (D:7)
  A wyvern (D:7)
  2 yaks (D:8)
  A steam dragon (D:6)
  A water moccasin (D:7)
  Duvessa (D:4)
  Pargi (Sewer)
  An ice beast (D:6)
  An orc warrior (D:8)
  3 wolves (D:8)
  A lemure (D:7)
  3 bullfrogs
  A necrophage (D:7)
  A gnoll sergeant (D:6)
  3 wights
  Dowan (D:4)
  A killer bee (D:8)
  A howler monkey (D:5)
  5 hounds
  5 orc priests
  2 iguanas
  Natasha (thrice) (D:2)
  4 orc wizards
  7 adders
  4 gnolls
  3 river rats (D:3)
  A shadow imp (D:7)
  A white imp (D:6)
  2 ufetubi
  3 worms
  2 dart slugs
  16 orcs
  9 ball pythons
  5 bats
  7 endoplasms
  6 giant cockroaches
  8 goblins
  5 hobgoblins
  5 jackals
  6 quokkas
  3 frilled lizards
  11 kobolds
  6 rats
154 creatures vanquished.

Vanquished Creatures (collateral kills)
  Prince Ribbit (D:8)
  Grum (D:8)
  2 steam dragons
  2 water moccasins
  A black bear (D:8)
  A wolf (D:8)
  A lemure (D:7)
  2 ogres
  A scorpion (D:6)
  3 wights
  2 killer bees (D:8)
  An orc priest (D:6)
  An iguana (D:6)
  3 orc wizards
  4 gnolls
  4 orcs
30 creatures vanquished.

Vanquished Creatures (others)
  A hexer (D:8)
  16 fungi
  6 plants (D:8)
23 creatures vanquished.

Grand Total: 207 creatures vanquished

Notes
Turn   | Place    | Note
-------+----------+-------------------------------------------
     0 | D:1      | sanboga the Minotaur Monk began the quest for the Orb.
     0 | D:1      | Reached XP level 1. HP: 19/19 MP: 0/0
   125 | D:1      | Reached skill level 4 in Axes
   130 | D:1      | Reached XP level 2. HP: 25/27 MP: 1/1
   204 | D:1      | Reached skill level 1 in Armour
   351 | D:1      | Found a faded altar of an unknown god.
   527 | D:1      | Reached XP level 3. HP: 33/33 MP: 2/2
  1028 | D:2      | Noticed Natasha
  1036 | D:2      | Killed Natasha
  1121 | D:2      | Reached skill level 5 in Axes
  1121 | D:2      | Reached XP level 4. HP: 36/41 MP: 3/3
  1259 | D:2      | Noticed Natasha
  1269 | D:2      | Killed Natasha
  1597 | D:2      | Noticed Natasha
  1609 | D:2      | Killed Natasha
  1610 | D:2      | Reached XP level 5. HP: 19/47 MP: 4/4
  2362 | D:3      | Found a glowing drain.
  2371 | D:3      | Reached skill level 6 in Axes
  2377 | Sewer    | Entered a sewer
  2654 | Sewer    | Noticed Pargi
  2667 | Sewer    | Killed Pargi
  2668 | Sewer    | Reached skill level 5 in Fighting
  2668 | Sewer    | Reached XP level 6. HP: 36/56 MP: 5/5
  4042 | D:4      | Reached skill level 7 in Axes
  4178 | D:4      | Reached XP level 7. HP: 60/62 MP: 6/6
  4332 | D:4      | Identified the ring "Ylaas" {Ice rElec MP+9}
  4535 | D:4      | Found a staircase to the Ecumenical Temple.
  4674 | D:4      | Noticed Dowan
  4674 | D:4      | Noticed Duvessa
  4690 | D:4      | Killed Duvessa
  4694 | D:4      | Killed Dowan
  4782 | Temple   | Entered the Ecumenical Temple
  5026 | Temple   | Became a worshipper of Hepliaklqana the Forgotten
  5026 | Temple   | Reached * piety under Hepliaklqana
  5026 | Temple   | Reached ** piety under Hepliaklqana
  5028 | Temple   | Remembered your ancestor Dexter as a hexer
  5149 | D:5      | Entered Level 5 of the Dungeon
  5361 | D:5      | Reached skill level 8 in Axes
  5361 | D:5      | Found a shimmering blue altar of Sif Muna.
  5371 | D:5      | Found a stormy altar of Qazlal.
  5691 | D:5      | Reached skill level 5 in Armour
  6296 | D:6      | Found a sparkling altar of Nemelex Xobeh.
  6303 | D:6      | Reached XP level 8. HP: 52/63 MP: 7/7
  6418 | D:6      | Reached skill level 9 in Axes
  6925 | D:6      | Reached skill level 10 in Axes
  7517 | D:6      | Found Toadd's Elemental Accessories.
  7826 | D:6      | Reached *** piety under Hepliaklqana
  7981 | D:7      | Reached XP level 9. HP: 48/72 MP: 8/8
  8110 | D:7      | Reached skill level 1 in Shields
  8246 | D:7      | Noticed Pikel
  8255 | D:7      | Killed Pikel
  8256 | D:7      | Reached skill level 11 in Axes
  9038 | D:8      | Found a glowing golden altar of the Shining One.
  9234 | D:8      | Reached skill level 12 in Axes
  9364 | D:8      | Noticed Grum
  9366 | D:8      | Noticed Prince Ribbit
  9373 | D:8      | Killed Grum
  9375 | D:8      | Noticed a komodo dragon
  9385 | D:8      | Killed Prince Ribbit
  9386 | D:8      | Reached XP level 10. HP: 22/81 MP: 6/9
  9881 | D:8      | Noticed Erica
  9897 | D:8      | Slain by a komodo dragon

Illustrated notes

Levels and vault maps discovered:
D:1:      erik_arrival_cave_to_civilisation [erik_arrival_cave_to_hall],
          layout_loops_ring, chequers_ecumenical_altar_simple,
          minmay_misc_feat_four_crosses
D:2:      minmay_skewed_foursquare, layout_basic, uniq_natasha
D:3:      kennysheep_big_flooded_room, layout_loops_corners,
          portal_sewer_entry_e, minmay_misc_feat_ornament
D:4:      layout_rooms, minmay_temple_entry_nine_rooms, serial_aquarium,
          aquarium_bridge_square [aquarium_subvault_balcony,
          aquarium_subvault_wall, aquarium_subvault_bridge,
          aquarium_subvault_bridge], aquarium_window_corridor_2,
          aquarium_window_corner, aquarium_view_2c, aquarium_view_2b,
          aquarium_balcony_double_4, grunt_ministairs_1, uniq_duvessa
D:5:      layout_loops_corners, mainiacjoe_overflow_large_starburst,
          serial_rivers, chequers_serial_rivers_micro_a,
          chequers_serial_rivers_room_b, chequers_serial_rivers_micro_c,
          chequers_serial_rivers_large_b
D:6:      layout_cave_pods, amcnicky_altar_gilded, nicolae_elemental_shop
D:7:      layout_loops_ring, uniq_pikel
D:8:      layout_rooms, mainiacjoe_overflow_concentric_impassable,
          ebering_ghost_funeral_grove, uniq_prince_ribbit1, uniq_erica,
          uniq_grum
Temple:   minmay_crystal_spiral_temple

Skill      XL: |  1  2  3  4  5  6  7  8  9 |
---------------+----------------------------+-----
Axes           | 4 5 6 7 8 10 12 | 12.6
Armour         | 1 2 3 4 5 6 8 |  8.5
Fighting       | 4 5 6 7 9 |  9.4
Shields        | 4 |  4.8
Dodging        | |  3.2
Stealth        | |  1.5

Action                   |  1- 3 |  4- 6 |  7- 9 | 10-12 || total
-------------------------+-------+-------+-------+-------++-------
Melee: Hand axe          |    77 |   185 |   207 |       ||   469
       Headbutt          |    15 |    26 |    55 |     8 ||   104
       Punch             |     1 |     3 |       |       ||     4
       War axe           |       |       |    26 |    28 ||    54
Invok: Recall Ancestor   |       |       |     2 |     1 ||     3
       Ancestor Life: He |       |       |     1 |       ||     1
       Ancestor Identity |       |       |     1 |       ||     1
  Use: Scroll            |       |     6 |     8 |       ||    14
       Potion            |       |     2 |       |       ||     2
 Stab: Confused          |       |       |     6 |       ||     6
       Distracted        |       |       |     3 |     1 ||     4
Armor: Chain mail        |    43 |   110 |    51 |       ||   204
       Plate armour      |       |       |    74 |    20 ||    94
Dodge: Dodged            |    32 |    81 |    75 |    10 ||   198
Block: Buckler           |       |       |    16 |    16 ||    32
